 Dungeon Crawl Stone Soup version 0.19-a0-1068-g99dd0f4 (webtiles) character file.

210 FrancescoMac the Skirmisher (level 5, -6/54 HPs)
             Began as a Troll Monk on Aug 4, 2016.
             Mangled by a hobgoblin
             ... wielding a +0 club
             ... led by Robin
              (9 damage)
             ... on level 4 of the Dungeon.
             The game lasted 00:09:22 (2799 turns).

FrancescoMac the Skirmisher (Troll Monk)            Turns: 2799, Time: 00:09:23

Health: -6/54      AC:  5    Str: 19    XL:     5   Next: 56%
Magic:  4/4        EV: 11    Int:  6    God:
Gold:   167        SH:  0    Dex: 13    Spells: 0 memorised, 4 levels left

rFire  . . .     SeeInvis .     a - +0 mace
rCold  . . .     Gourm    +     b - +0 robe
rNeg   . . .     Faith    .     (no shield)
rPois  .         Spirit   .     (helmet restricted)
rElec  .         Dismiss  .     (no cloak)
rCorr  .         Reflect  .     (gloves unavailable)
SustAt .         Harm     .     (boots unavailable)
MR     +....                    (no amulet)
Stlth  +.........               (no ring)
                                d - ring of protection from magic

@: lethally poisoned (-6 -> -6)
A: unfitting armour, claws 3, hooves 1, fast metabolism 3, gourmand, mutation
resistance 1, regeneration 2, shaggy fur 1, tough skin 2
a: no special abilities


You were on level 4 of the Dungeon.
You were very full.

You visited 1 branch of the dungeon, and saw 4 of its levels.

You collected 167 gold pieces.

Inventory:

Hand Weapons
 a - a +0 mace (weapon)
Armour
 b - a +0 robe (worn)
Jewellery
 d - a ring of protection from magic (left claw)
Wands
 l - a wand of acid (6/15)
Scrolls
 k - a scroll of identify
 o - 2 scrolls of remove curse
Potions
 e - a potion of might {unknown}
 g - a potion of lignification {unknown}
 i - a potion of flight
 n - a potion of curing {unknown}
Comestibles
 c - 3 bread rations
 f - 3 fruits
 h - 2 meat rations
 j - 7 chunks of flesh


   Skills:
 + Level 3.9 Fighting
 + Level 3.7 Maces & Flails
 + Level 3.5 Dodging
 - Level 1.1 Stealth


You had 4 spell levels left.
You didn't know any spells.

Dungeon Overview and Level Annotations

Branches:
Dungeon (4/15)
 Temple: D:4-7

Altars:
Qazlal
Trog

Annotations:
D:4 Robin


Innate Abilities, Weirdness & Mutations

You are too large for most types of armour.
You have claws for hands.
Your metabolism is lightning-fast.
You like to eat raw meat.
You heal very quickly.
You are covered in fur. (AC +1)
You have very tough skin. (AC +2)
You have large cloven feet.
You are somewhat resistant to further mutation.


Message History

You closely miss the goblin. Your kick misses the goblin.
You feel sick. The hobgoblin completely misses you. The goblin hits you.
The goblin hits you with a club.
You hit the goblin.
The goblin is severely wounded.
The hobgoblin closely misses you. The goblin hits you but does no damage.
The goblin closely misses you.
You hit the goblin but do no damage.
The goblin is severely wounded.
You feel sick. The goblin hits you. The hobgoblin hits you with a club.
The goblin hits you with a club!
* * * LOW HITPOINT WARNING * * *
The goblin barely misses you. The hobgoblin hits you with a club.
* * * LOW HITPOINT WARNING * * *
You hit the goblin.
You kill the goblin!
You feel sick. The goblin hits you.
* * * LOW HITPOINT WARNING * * *
The hobgoblin hits you with a club!
You die...

... ########.###
#..........
##........# .#
#.........###..#
#..............#
#<..).)........#
#...####)###...#
#..#8..#@gg8# #
#..#....#g..#
#..#...#.g..#
#..##.#$#.#.+
...'.#.#?#.##
....#. .g#.. . #
.. .8


You could see Robin, a hobgoblin and 2 goblins.

Vanquished Creatures
  An orc priest (D:3)
  3 gnolls (D:2)
  5 adders
  An ooze (D:2)
  5 worms (D:3)
  A dart slug (D:1)
  A giant gecko (D:2)
  3 orcs
  6 bats
  A giant cockroach (D:2)
  11 goblins
  10 hobgoblins
  6 jackals
  12 kobolds
  A ball python (D:2)
  7 giant newts
  10 rats
84 creatures vanquished.

Notes
Turn   | Place    | Note
-------+----------+-------------------------------------------
     0 | D:1      | FrancescoMac the Troll Monk began the quest for the Orb.
     0 | D:1      | Reached XP level 1. HP: 22/22 MP: 0/0
   268 | D:1      | Reached XP level 2. HP: 28/29 MP: 1/1
   968 | D:2      | Reached XP level 3. HP: 37/37 MP: 2/2
  1307 | D:2      | Reached XP level 4. HP: 45/45 MP: 3/3
  1726 | D:2      | Gained mutation: You have large cloven feet. [potion of mutation]
  1726 | D:2      | Gained mutation: You are somewhat resistant to further mutation. [potion of mutation]
  1785 | D:3      | Found a stormy altar of Qazlal.
  1872 | D:3      | Reached XP level 5. HP: 48/54 MP: 4/4
  2304 | D:3      | Noticed a moth of wrath
  2307 | D:3      | Found a bloodstained altar of Trog.
  2793 | D:4      | Noticed Robin
  2799 | D:4      | Mangled by a hobgoblin

Vault maps used:
D:1:      saegor_arrival_simple_f, nrook_loot_triangle, st_stairs_13
D:2:      first_bread, grunt_ministairs_8
D:3:      tgw_trog, minmay_splitting_lines, grunt_qazlal_clouds
D:4:      nicolae_dithmenos_the_darkroom, kennysheep_mini_moat,
          gammafunk_temple_overflow_pools, serial_shops, shop,
          nicolae_shop_behind_doors, minivault_1, uniq_robin, uniq_edmund

Skill      XL: |  1  2  3  4 |
---------------+-------------+-----
Fighting       | 3 |  3.9
Maces & Flails | 3 |  3.7
Dodging        | 3 |  3.5
Stealth        | |  1.1

Action                   |  1- 3 |  4- 6 || total
-------------------------+-------+-------++-------
Melee: Mace              |   160 |   191 ||   351
       Kick              |       |    40 ||    40
  Use: Potion            |     3 |     3 ||     6
       Scroll            |     3 |     2 ||     5
 Stab: Sleeping          |     1 |     2 ||     3
  Eat: Chunk             |    18 |    14 ||    32
Armor: Robe              |    73 |    47 ||   120
Dodge: Dodged            |   101 |   112 ||   213
